 Dungeon Crawl Stone Soup version 0.18-a0-884-gb6cfd45 (webtiles) character file.

42 filipzpl the Bolt Thrower (level 3, -1/29 HPs)
             Began as a Centaur Hunter on Dec 22, 2015.
             Slain by a jackal (2 damage)
             ... on level 2 of the Dungeon on Dec 23, 2015.
             The game lasted 00:05:20 (778 turns).

filipzpl the Bolt Thrower (Centaur Hunter)           Turns: 778, Time: 00:05:20

Health: -1/29      AC:  4    Str: 14    XL:     3   Next: 35%
Magic:  3/3        EV:  9    Int: 10    God:
Gold:   54         SH:  0    Dex: 10    Spells: 0 memorised, 2 levels left

rFire  + . .     SeeInvis .     r - -1 short sword (curse)
rCold  x . .     Gourm    .     c - +0 leather armour
rNeg   . . .     Faith    .     (no shield)
rPois  .         Spirit   .     (no helmet)
rElec  .         Dismiss  .     (no cloak)
rCorr  .         Reflect  .     (no gloves)
SustAt .         Harm     .     (no barding)
MR     .....                    (no amulet)
Stlth  +.........               (no ring)
                                o - ring of fire

@: very quick, not resistant to hostile enchantments, very unstealthy
A: hooves 3, deformed body, speed 2, tough skin 3
a: no special abilities


You were on level 2 of the Dungeon.
You were not hungry.

You visited 1 branch of the dungeon, and saw 2 of its levels.

You collected 54 gold pieces.

Inventory:

Hand Weapons
 a - a +1 hand crossbow
 b - a +0 short sword
 r - a cursed -1 short sword (weapon)
Missiles
 d - 30 bolts
Armour
 c - a +0 leather armour (worn)
Jewellery
 o - a ring of fire (left hand)
Scrolls
 j - a scroll of identify
 k - a scroll of fear {unknown}
 p - a scroll of noise {unknown}
 q - a scroll of magic mapping {unknown}
Potions
 h - a potion of agility {unknown}
 i - a potion of mutation {unknown}
 l - a potion of might {unknown}
 m - a potion of invisibility {unknown}
 n - a potion of flight {unknown}
Comestibles
 f - a bread ration
 g - 2 meat rations


   Skills:
 + Level 2.0 Fighting
 + Level 5.5 Crossbows
 + Level 1.6 Dodging
 + Level 0.5 Stealth


You had 2 spell levels left.
You didn't know any spells.

Dungeon Overview and Level Annotations

Branches:
Dungeon (2/15)

Altars:
Pakellas


Innate Abilities, Weirdness & Mutations

You have hooves in place of feet.
Armour fits poorly on your strangely shaped body.
You cover ground very quickly.
You have extremely tough skin (AC +3).


Message History

* * * LOW HITPOINT WARNING * * *
You hit the jackal but do no damage.
The jackal bites you but does no damage.
The worm closely misses you.
The jackal bites you but does no damage.
The goblin hits you but does no damage.
Your leather armour prevents you from hitting the jackal.
The jackal closely misses you. The jackal barely misses you.
The goblin hits you but does no damage. The jackal bites you.
* * * LOW HITPOINT WARNING * * *
The jackal bites you but does no damage.
The worm bites you but does no damage.
You hit the jackal.
The jackal is severely wounded.
The jackal bites you but does no damage. x2
The goblin barely misses you.
You barely miss the jackal. Your kick misses the jackal.
The jackal is severely wounded.
The jackal bites you.
You die...

######## ## #.......
######> +.......
#......######## #.......
#.........%...# #....#..
#.....g.h...<.# #.$..#..
#......@h.....# #.....##
.......w......# #..).#..
$.............#####..#._
..#..................#..
# #..#..#.##########..##
#.......# ##..#
......#### #.## ###.#.
#..# #.#. ##..


You could see a worm, 2 jackals and a goblin.

Vanquished Creatures
  An adder (D:2)
  An ooze (D:1)
  A giant gecko (D:1)
  A ball python (D:1)
  2 bats (D:1)
  5 goblins
  5 hobgoblins (D:1)
  2 jackals (D:1)
  3 kobolds (D:1)
  2 giant newts (D:1)
  3 rats
26 creatures vanquished.

Notes
Turn   | Place    | Note
--------------------------------------------------------------
     0 | D:1      | filipzpl the Centaur Hunter began the quest for the Orb.
     0 | D:1      | Reached XP level 1. HP: 17/17 MP: 1/1
   113 | D:1      | Reached XP level 2. HP: 24/24 MP: 2/2
   164 | D:1      | Reached skill level 5 in Crossbows
   409 | D:1      | Reached XP level 3. HP: 27/29 MP: 3/3
   692 | D:2      | Found an oddly glowing altar of Pakellas.
   776 | D:2      | HP: 1/29 [jackal (1)]
   778 | D:2      | Slain by a jackal

Vault maps used:
D:1:      roderic_octagonal_star, corner_web_ring
D:2:      grunt_pakellas_mercury, uniq_crazy_yiuf_cottage

Action                   || total
-------------------------++-------
Melee: Short sword       ||    14
 Fire: Hand crossbow     ||    51
  Use: Scroll            ||     2
